Map: 强酸工厂 - 天梯版

Players

PtitDrogo

  • Race: Protoss Protoss
  • Spawn Location: 11:00

cloudy - Winner!

  • Race: Protoss Protoss
  • Spawn Location: 5:00

Event: WCS Montreal 2018

VOD

Have the link to the VOD?

Description

Time

  • Played on: Sept. 7, 2018, 1:11 p.m.
  • Length: 14:16

All games in this series

Show
View Real Time Build Order
Export as new Build Order

PtitDrogo Protoss 

Build Orders: Chargelot Immortal 

Get SALT Encoding   

  12  0:00  Probe  
  13  0:12  Probe  
  14  0:17  Pylon  
  14  0:24  Probe  
  15  0:32  Probe  
  15  0:38  Gateway  
  15  0:40  Probe  
  16  0:46  Assimilator  
  17  0:50  Probe  
  17  0:54  Assimilator  
  18  0:58  Probe  
  19  1:06  Probe  
  20  1:16  Gateway  
  20  1:17  Probe  
  20  1:25  Cybernetics Core  
  21  1:29  Probe  
  22  1:36  Pylon  
  22  1:41  Warp Gate, Probe  
  23  1:54  Probe  
  24  2:02  Stalker x2  
  28  2:11  Pylon  
  28  2:32  Stalker x2  
  32  2:43  Shield Battery  
  32  2:58  Nexus  
  32  3:05  Stalker  
  34  3:06  Stalker  
  36  3:20  Probe  
  36  3:21  Pylon  
  37  3:29  Robotics Facility  
  37  3:37  Shield Battery  
  37  3:42  Probe  
  37  3:49  Stalker  
  39  3:56  Stalker  
  41  4:04  Probe  
  42  4:11  Probe  
  42  4:12  Observer  
  42  4:16  Probe  
  44  4:17  Sentry  
  44  4:21  Probe  
  48  4:24  Stalker  
  48  4:28  Probe  
  48  4:29  Probe  
  51  4:33  Shield Battery  
  51  4:38  Probe  
  52  4:40  Probe  
  54  4:50  Probe  
  54  4:52  Probe  
  56  4:54  Forge  
  56  4:59  Sentry  
  57  5:02  Probe  
  57  5:04  Probe  
  59  5:09  Twilight Council  
  57  5:14  Probe  
  57  5:16  Probe  
  57  5:17  Protoss Ground Weapons Level 1  
  58  5:23  Probe  
  58  5:24  Pylon  
  59  5:28  Probe  
  59  5:30  Pylon  
  59  5:31  Probe  
  61  5:40  Assimilator x2, Probe  
  61  5:42  Pylon  
  62  5:44  Immortal  
  67  5:52  Charge  
  67  5:56  Stalker  
  68  5:58  Stalker  
  68  6:14  Immortal  
  66  6:19  Stalker, Gateway  
  66  6:23  Stalker  
  52  6:45  Immortal  
  48  6:49  Stalker  
  46  6:54  Stalker  
  32  7:18  Immortal  
  32  7:19  Zealot x3  
  43  7:40  Zealot  
  41  7:44  Zealot  
  41  8:01  Zealot  
  39  8:07  Zealot  
  39  8:09  Probe x2  
  40  8:20  Protoss Ground Weapons Level 2  
  40  8:21  Probe x2  
  42  8:30  Adept  
  42  8:31  Probe  
  42  8:32  Adept  
  42  8:33  Probe  
  47  8:41  Probe  
  48  8:44  Probe  
  50  8:50  Probe  
  51  8:58  Zealot  
  53  9:08  Probe x2  
  55  9:19  Templar Archives  
  55  9:22  Probe x2  
  53  9:28  Pylon  
  53  9:34  Gateway  
  53  9:38  Probe  
  54  9:50  Probe  
  55  9:55  High Templar  
  55  9:56  High Templar  
  57  10:00  Archon  
  57  10:02  Zealot  
  57  10:03  Immortal  
  63  10:25  Zealot  
  53  10:29  High Templar x2  
  53  10:30  Zealot  
  53  10:33  Archon  
Show
View Real Time Build Order
Export as new Build Order

cloudy Protoss - Winner!

Build Orders: Oracle Opening 

Get SALT Encoding   

  12  0:01  Probe  
  13  0:13  Probe  
  14  0:18  Pylon  
  14  0:25  Probe  
  15  0:33  Probe  
  15  0:37  Gateway  
  15  0:41  Probe  
  16  0:47  Assimilator  
  17  0:51  Probe  
  17  0:55  Assimilator  
  18  0:59  Probe  
  19  1:07  Probe  
  20  1:13  Gateway  
  20  1:18  Probe  
  21  1:25  Cybernetics Core  
  21  1:30  Probe  
  22  1:37  Pylon  
  22  1:42  Probe  
  23  1:55  Probe  
  24  2:01  Warp Gate  
  24  2:02  Stalker, Sentry  
  28  2:12  Pylon  
  28  2:30  Stargate  
  28  2:39  Stalker  
  28  2:43  Stalker  
  31  3:05  Shield Battery, Oracle  
  34  3:33  Robotics Facility  
  34  3:35  Nexus  
  34  3:41  Pylon  
  34  3:48  Oracle  
  37  4:03  Shield Battery  
  37  4:05  Shield Battery  
  37  4:07  Gateway  
  37  4:13  Stalker  
  37  4:14  Zealot  
  41  4:19  Nexus  
  41  4:23  Immortal  
  45  4:45  Probe  
  46  4:47  Pylon  
  46  4:58  Warp Prism, Probe  
  49  5:09  Sentry  
  49  5:10  Probe  
  52  5:18  Stalker  
  52  5:19  Stalker  
  50  5:33  Stalker  
  52  5:43  Probe x2  
  54  5:55  Stalker x2  
  54  5:56  Stalker  
  60  6:01  Pylon, Observer  
  61  6:05  Probe x2  
  63  6:20  Stalker x2  
  63  6:21  Zealot  
  55  6:52  Stalker x3  
  47  7:16  Stalker x3  
  53  7:24  Probe x2  
  55  7:32  Probe x2  
  55  7:33  Twilight Council  
  57  7:37  Gateway  
  57  7:39  Gateway  
  57  7:40  Adept x2  
  57  7:41  Probe x2  
  57  7:42  Adept  
  65  7:53  Probe  
  60  8:09  Resonating Glaives  
  60  8:11  Immortal, Adept x3  
  58  8:33  Shield Battery  
  55  8:34  Shield Battery  
  55  8:37  Shield Battery  
  55  8:41  Adept  
  57  8:45  Adept  
  59  8:49  Adept  
  59  8:53  Adept  
  59  8:54  Zealot  
  65  9:01  Pylon  
  65  9:10  Gateway  
  65  9:13  Adept x4, Gateway  
  72  9:19  Probe x2  
  72  9:31  Probe  
  73  9:33  Gateway  
  73  9:36  Adept x2, Assimilator  
  77  9:44  Pylon  
  77  9:46  Pylon  
  77  9:47  Pylon  
  77  10:10  Adept x6  
  89  10:14  Adept  
  89  10:33  Adept  
  89  10:34  Adept x5  
Tags
 
Add a new tag
Caveats
  • Supply blocks, unpowered buildings, or Contaminate may cause inaccurate times.
  • Supply counts are checked every 10 seconds.